 Dungeon Crawl Stone Soup version 0.21-a0-39-g28ea6b7 (webtiles) character file.

112 tilp the Chiller (level 4, 0/30 HPs)
             Began as a Merfolk Ice Elementalist on June 2, 2017.
             Killed by nerve-wracking pain
             ... invoked by Grinder
              (3 damage)
             ... on level 3 of the Dungeon.
             The game lasted 00:11:35 (2730 turns).

tilp the Chiller (Merfolk Ice Elementalist)         Turns: 2730, Time: 00:11:36

Health: 0/30       AC:  2    Str:  8    XL:     4   Next: 95%
Magic:  7/7        EV: 13    Int: 15    God:
Gold:   125        SH:  0    Dex: 14    Spells: 2/8 levels left

rFire    . . .     SeeInvis .   u - +0 short sword
rCold    . . .     Gourm    .   (no shield)
rNeg     . . .     Faith    .   a - +0 robe
rPois    .         Spirit   .   (no helmet)
rElec    .         Reflect  .   (no cloak)
rCorr    .         Harm     .   (no gloves)
MR       .....                  (no boots)
Stlth    ++........             (no amulet)
Regen    0.1/turn               (no ring)
MPRegen  0.1/turn               (no ring)

@: no status effects
A: change form in water, swift swim, stealthy swim
a: no special abilities


You were on level 3 of the Dungeon.
You were not hungry.

You visited 1 branch of the dungeon, and saw 3 of its levels.

You collected 125 gold pieces.

Inventory:

Hand Weapons
 m - a +0 spear
 u - a +0 short sword (weapon)
Armour
 a - a +0 robe (worn)
Scrolls
 e - 2 scrolls of teleportation {unknown}
 f - 4 scrolls of identify {unknown}
 g - 2 scrolls of immolation {unknown}
 h - a scroll of recharging {unknown}
 l - a scroll of blinking {unknown}
 n - a scroll of fog {unknown}
 t - a scroll of remove curse {unknown}
Potions
 d - a potion of resistance
 o - a potion of curing {unknown}
 p - 2 potions of cancellation {unknown}
 r - 2 potions of haste {unknown}
 s - 2 potions of heal wounds {unknown}
Books
 b - a book of Frost

   Spells                             Type                      Level
   a - Freeze                         Ice                          1
   b - Throw Frost                    Conjuration/Ice              2
   c - Ozocubu's Armour               Charms/Ice                   3
   d - Throw Icicle                   Conjuration/Ice              4
   e - Summon Ice Beast               Ice/Summoning                4
Comestibles
 c - a bread ration
 i - a fruit
 j - 3 chunks of flesh
 k - a royal jelly


   Skills:
 * Level 0.5 Short Blades
 * Level 2.7 Polearms
 - Level 3.2 Dodging
 - Level 2.1 Stealth
 - Level 2.6 Spellcasting
 - Level 0.7 Conjurations
 + Level 4.7 Ice Magic


You had 2 spell levels left.
You knew the following spells:

 Your Spells              Type           Power        Failure   Level  Hunger
a - Freeze                Ice            ###.         3%          1    #......
b - Throw Frost           Conj/Ice       ##....       11%         2    ###....
c - Ozocubu's Armour      Chrm/Ice       #.......     24%         3    ###....


Dungeon Overview and Level Annotations

Branches:
Dungeon (3/15)

Altars:
Elyvilon
Hepliaklqana
Nemelex Xobeh
Ru
Sif Muna
Vehumet
Zin

Annotations:
D:3 Grinder


Message History

The bat hits you but does no damage. The leopard gecko bites you.
The leopard gecko bites you but does no damage.
The goblin barely misses you. Grinder hits you.
The bat hits you but does no damage.
The kobold unwields an uncursed blowgun.
The kobold hits you. The bat hits you but does no damage.
The leopard gecko bites you. The goblin hits you but does no damage.
Grinder hits you.
* * * LOW HITPOINT WARNING * * *
You writhe in agony.
* * * LOW HITPOINT WARNING * * *
You can move again.
There is a stone staircase leading up here.
The bat barely misses you. The leopard gecko closely misses you.
The kobold hits you.
* * * LOW HITPOINT WARNING * * *
Grinder says, "What is the universe for?"
Grinder gestures at you. Pain shoots through your body!
You die...

######### #
#.......#
#.#.......#
.........+
#.......#
...#..r...(#
......b@5..#
...g..Kgl..#
...........#
...#.........>
..
#............
.
#............
#............
####.........
#####.....


You could see Grinder, a leopard gecko, a quokka, 2 goblins, a bat and a kobold.

Vanquished Creatures
  4 gnolls
  2 adders (D:2)
  A worm (D:2)
  A dart slug (D:2)
  4 bats
  4 giant cockroaches
  9 goblins
  8 hobgoblins
  5 jackals
  2 ball pythons
  A frilled lizard (D:1)
  2 kobolds
  7 rats
50 creatures vanquished.

Vanquished Creatures (others)
  A plant (D:2)
1 creature vanquished.

Grand Total: 51 creatures vanquished

Notes
Turn   | Place    | Note
-------+----------+-------------------------------------------
     0 | D:1      | tilp the Merfolk Ice Elementalist began the quest for the Orb.
     0 | D:1      | Reached XP level 1. HP: 13/13 MP: 3/3
   230 | D:1      | Reached XP level 2. HP: 19/19 MP: 3/5
   642 | D:1      | Learned a level 2 spell: Throw Frost
   689 | D:1      | Reached XP level 3. HP: 8/24 MP: 0/6
   749 | D:1      | Learned a level 3 spell: Ozocubu's Armour
  1218 | D:2      | Reached skill level 1 in Polearms
  1336 | D:2      | Reached skill level 4 in Ice Magic
  1519 | D:2      | Found a sparkling altar of Nemelex Xobeh.
  1552 | D:2      | Reached XP level 4. HP: 9/30 MP: 0/7
  1876 | D:2      | Found a sacrificial altar of Ru.
  1876 | D:2      | Found a white marble altar of Elyvilon.
  2065 | D:2      | Found a deep blue altar of Sif Muna.
  2067 | D:2      | Found a radiant altar of Vehumet.
  2069 | D:2      | Found a glowing silver altar of Zin.
  2120 | D:2      | Found a hazy altar of Hepliaklqana.
  2722 | D:3      | Noticed Grinder
  2725 | D:3      | Paralysed by Grinder for 5 turns
  2730 | D:3      | Killed from afar by Grinder

Vault maps used:
D:1:      dpeg_arrival_court
D:2:      old_standard_altar, chequers_temple_overflow_minitemple,
          chequers_big_river, nemelex_diamond_rough_becter
D:3:      minmay_wonky_spiral, nicolae_dithmenos_through_a_glass_darkly,
          first_bread, uniq_grinder

Skill      XL: |  1  2  3  4 |
---------------+-------------+-----
Dodging        | 3 |  3.2
Polearms       | 1 2 |  2.7
Ice Magic      | 4 |  4.7
Short Blades   | |  0.5
Stealth        | |  2.1
Spellcasting   | |  2.6
Conjurations   | |  0.7

Action                   |  1- 3 |  4- 6 || total
-------------------------+-------+-------++-------
Melee: Dagger            |    71 |    27 ||    98
       Short sword       |       |    13 ||    13
 Cast: Freeze            |    45 |    18 ||    63
       Throw Frost       |     1 |       ||     1
 Stab: Sleeping          |     4 |     3 ||     7
  Eat: Chunk             |     3 |     4 ||     7
Armor: Robe              |    16 |    11 ||    27
Dodge: Dodged            |    76 |    30 ||   106
